[Event "ChessKid Cup Div-III 2023"]
[Site "Online"]
[Date "2023.05.22"]
[Round "1.2"]
[White "Antipov, Mikhail Al."]
[Black "Bluebaum, Matthias"]
[Result "1-0"]
[ECO "C01"]
[WhiteElo "2588"]
[BlackElo "2669"]
[Annotator "TA"]
[PlyCount "129"]
[EventDate "2023.05.21"]
[EventType "k.o."]
[EventCountry "NET"]
[SourceTitle "playchess.com"]
[Source "ChessBase"]
[SourceQuality "1"]
[TimeControl "900+3"]

1. e4 e6 2. d4 d5 3. exd5 exd5 4. Nf3 Nc6 5. c3 Bd6 6. Bd3 Nge7 7. O-O Bg4 8. Nbd2 Qd7 9. Re1 f6 10. b4 O-O 11. Qc2 {[%emt 0:00:29] C01: French: Exchange Variation.} Bf5 12. Nb3 Bxd3 13. Qxd3 {[%emt 0:00:00] The position is equal.} b6 14. b5 Nd8 {[%emt 0:00:04] [#]} 15. c4 $146 ({Predecessor:} 15. a4 Ng6 16. Ba3 Nf4 17. Qf1 Bxa3 18. Rxa3 Qg4 19. Nc1 Nf7 20. Nd3 Nh3+ 21. Kh1 {0-1 Lafer,D (1700)-Gutmann,A (2048) Leitersdorf Region-ch 2014 (1)}) 15... dxc4 16. Qxc4+ Nf7 17. a4 Rac8 18. a5 c6 19. bxc6 Rxc6 (19... Qxc6 {simplifies} 20. Qxc6 Rxc6 21. axb6 axb6 22. Bd2 Rd8) 20. Qb5 Rd8 {[%emt 0:00:24][%cal Oc6c1] Threatens to win with ...Rxc1!} 21. Bd2 {[%emt 0:00:07] [#]} Nd5 $1 22. axb6 {[%emt 0:00:07] [#]} axb6 23. Ra7 {[%emt 0:00:21][%mdl 64] Deflection} Bc7 24. g3 g5 25. Kg2 Qd6 26. Bc1 ({Better is} 26. Ra6 $14) 26... Nc3 $15 27. Qf5 Nh6 28. Qd3 Qd5 (28... Nd5 $11 {keeps the balance.}) 29. Re7 $1 $16 {[%emt 0:00:05][%csl LRc7,LRh7] Really sharp!} Nf5 30. Rexc7 Rxc7 31. Rxc7 Nb5 {[%emt 0:00:00] [#]} 32. Rb7 g4 {[%emt 0:00:11][%mdl 64] Pin} (32... Qxb7 33. Qxf5) 33. Rxb6 Nbxd4 {[%emt 0:00:14][%mdl 64] [#] Pin} 34. Nbd2 {[%emt 0:02:02][%cal Od2e4] Ne4! is the strong threat.} ({Stronger than} 34. Rxf6 gxf3+ 35. Kh3 Nxb3 $17) ({Resist} 34. Nbxd4 Nxd4 35. h3 f5 $14) 34... Re8 {[%emt 0:04:41] Prevents Ne4. Loses the game.} (34... gxf3+ $16 35. Nxf3 Kf7) 35. Rxf6 $18 Re5 36. Bb2 gxf3+ 37. Nxf3 Re3 $2 (37... Nxf3 38. Qxf3 Qxf3+ 39. Kxf3 Rb5) 38. Rxf5 {[%emt 0:00:06][%mdl 64] Threatening mate with Rg5+. Pin} ({And not} 38. fxe3 Qxf3+ 39. Kh3 Qh5+ 40. Kg2 Qf3+ 41. Kh3 Qh5+ 42. Kg2 Qf3+ $11) 38... Rxd3 39. Rxd5 Nxf3 40. Rxd3 Ne1+ 41. Kf1 Nxd3 {[%emt 0:00:01][%mdl 4096] Endgame KB-KN} 42. Bd4 {[%emt 0:00:01] Hoping for f4.} Kf7 43. Ke2 Nb4 44. Ke3 {[%emt 0:00:03] White mates.} Nc6 45. Ke4 Ke6 46. f4 h5 47. h3 Ne7 48. g4 hxg4 49. hxg4 Nc6 50. f5+ Kf7 51. g5 Ne7 52. Bc5 Nc6 53. Kd5 Na5 54. Bd4 Nb7 55. g6+ Ke7 56. f6+ Ke8 57. f7+ Ke7 58. Bg7 Nd8 59. f8=Q+ Kd7 60. Be5 Kc8 61. g7 Kb7 62. g8=Q Nc6 63. Qa8+ Kb6 64. Qxc6+ Ka5 65. Bc3# {[%emt 0:00:01] Beautiful play by Antipov!   Weighted Error Value: White=0.06 (flawless) /Black=0.32} 1-0

[Event "ChessKid Cup Div-III 2023"]
[Site "Online"]
[Date "2023.05.22"]
[Round "1.2"]
[White "Narayanan, Srinath"]
[Black "Bernadskiy, Vitaliy"]
[Result "0-1"]
[ECO "D02"]
[WhiteElo "2559"]
[BlackElo "2592"]
[Annotator "TA"]
[PlyCount "70"]
[EventDate "2023.05.21"]
[EventType "k.o."]
[EventCountry "NET"]
[SourceTitle "playchess.com"]
[Source "ChessBase"]
[SourceQuality "1"]
[TimeControl "900+3"]

1. Nf3 d5 2. d4 Nf6 3. Bf4 c5 4. e3 Nc6 5. Nbd2 Bf5 6. Bb5 {[%emt 0:00:07] D02: 1 d4 d5 2 Nf3 sidelines, including 2...Nf6 3 g3 and 2...Nf6 3 Bf4.} Qb6 7. c4 dxc4 {[%emt 0:00:08] [#]} (7... e6 $14) 8. Qa4 $146 {[%emt 0:00:06] d5 is the strong threat. White is better.} ({Predecessor:} 8. a4 Bd3 9. Ne5 a6 10. Ndxc4 Bxc4 11. Nxc4 Qd8 12. Bxc6+ bxc6 13. dxc5 Qd5 14. Qxd5 Nxd5 {1-0 Ushenina,A (2416)-Gevorgyan,M (2228) Speed Chess (Women) Q1 blitz 2020 (4)}) 8... a6 9. Bxc6+ (9. Bxc4 Qxb2 10. Ne5 e6 $15) 9... bxc6 10. Nxc4 (10. Qxc4 {looks sharper.} Ne4 11. Nxe4 Bxe4 12. dxc5 Qxb2 13. O-O) 10... Qb5 {[%emt 0:00:03] Black is weak on the dark squares} 11. Qxb5 (11. Qb3 $14) 11... axb5 $15 12. Nb6 {[%emt 0:00:02] This move loses the game for White.} (12. Ncd2 $15) 12... Ra6 $36 {[%emt 0:00:07][%mdl 2048] Black is really pushing.} 13. dxc5 (13. Bc7 $17 {might work better.} e6 14. a4) 13... e5 $1 {[%emt 0:00:18][%mdl 64] [#] Discovered Attack} 14. Nh4 $2 (14. Nxe5 Bxc5 15. O-O) 14... Be6 (14... Bxc5 $2 15. Nxf5 exf4 16. Nxg7+ Kd8 17. g3 $19) 15. Bxe5 Bxc5 16. O-O (16. Bxf6 gxf6 $19) 16... Bxb6 (16... Rxb6 $2 17. Nf3 $19) 17. Rfc1 Bd8 (17... Rxa2 $2 18. Rxa2 Bxa2 19. Bxf6 gxf6 20. Rxc6 $19) 18. Nf3 Bd5 (18... Bxa2 $2 {too greedy.} 19. Nd4 $19) 19. Nd4 O-O (19... Rxa2 $2 20. Rxa2 Bxa2 21. Rxc6 $19) 20. f3 Re8 {[%emt 0:00:03] Black is clearly winning.} (20... Bxa2 $2 21. Rxc6 Rxc6 22. Nxc6 $19) 21. Bf4 Nh5 {[%emt 0:00:03] Strongly threatening ...Nxf4.} (21... Bxa2 $2 {is the wrong capture.} 22. Rxc6 Rxc6 23. Nxc6 $19) 22. Bd6 Rxe3 (22... Rxa2 $2 {perishes.} 23. Rxa2 Bxa2 24. Rxc6 $19) 23. Re1 {[%emt 0:00:00] [#]} Bb6 $1 24. Rxe3 Bxd4 {[%emt 0:00:01] A strong pair of Bishops.} 25. Rae1 Rxa2 26. Be5 Bxe3+ 27. Rxe3 h6 28. Bc3 Be6 29. Rd3 Nf4 30. Rd2 c5 31. Be5 Nd5 32. g4 c4 33. Rg2 f6 34. Bd6 b4 35. Re2 Kf7 {[%emt 0:00:02] Weighted Error Value: White=0.47/Black=0.11 (very precise)} 0-1

[Event "ChessKid Cup Div-III 2023"]
[Site "Online"]
[Date "2023.05.22"]
[Round "1.2"]
[White "Tang, Andrew"]
[Black "Keymer, Vincent"]
[Result "0-1"]
[ECO "A46"]
[WhiteElo "2523"]
[BlackElo "2700"]
[Annotator "TA"]
[PlyCount "88"]
[EventDate "2023.05.21"]
[EventType "k.o."]
[EventCountry "NET"]
[SourceTitle "playchess.com"]
[Source "ChessBase"]
[SourceQuality "1"]
[TimeControl "900+3"]

1. d4 Nf6 2. Nf3 e6 3. Bf4 c5 4. e3 Nc6 5. Nbd2 h6 6. h3 {[%emt 0:00:02] A46: 1 d4 Nf6 2 Nf3 e6: Torre, London and Colle Systems.} d5 {[%emt 0:00:01] [#]} 7. a3 $146 (7. Bb5 $11) ({Predecessor:} 7. Bb5 Qb6 8. c4 dxc4 9. a4 cxd4 10. O-O Bd7 11. Nxc4 Qd8 12. Nxd4 Nd5 13. Bg3 {1-0 Le,Q (2728)-Predke,A (2684) Airthings Masters Play In rapid 2023 (4)}) 7... cxd4 (7... Qb6 $1 $15) 8. exd4 $14 {[%emt 0:00:02] White is slightly better.} Qb6 9. Nb3 Bd7 10. c3 Be7 11. Bd3 O-O 12. O-O Ne4 13. a4 a5 14. Bxe4 dxe4 15. Nfd2 f5 16. f3 (16. Nc4 $5 Qa6 17. Nbd2 $14) 16... exf3 17. Qxf3 Kh7 18. Rfe1 Rae8 19. Kh1 Nd8 20. Qg3 Nf7 21. Bc7 Qa6 22. Nxa5 {[%emt 0:00:07] [#]} (22. Bxa5 $14 Bd6 23. Qf2) 22... e5 $1 23. Nab3 ({Better is} 23. Ndc4 $16) (23. Bxe5 Nxe5) 23... e4 $15 {[%emt 0:00:14][%mdl 1024] Black has compensation.} 24. Nc5 Qc6 (24... Bxc5 {simplifies} 25. dxc5 g5 26. b4 Qc6) 25. b4 Bc8 (25... Bxc5 $15 26. b5 Qd5 27. dxc5 Qxc5) 26. b5 $11 Qd5 27. Nf1 {[%emt 0:00:07] Ne3 is the strong threat.} Bxc5 28. Ne3 {[%emt 0:00:01][%mdl 64] Deflection} Qe6 {[%emt 0:00:03] Strongly threatening ...Bd6.} 29. dxc5 g5 {[%emt 0:00:00] Black is weak on the dark squares} 30. Qf2 (30. Rf1 $11 f4 31. Bxf4 gxf4 32. Rxf4) 30... f4 $15 31. Ng4 {[%emt 0:00:02][%cal Oe1e4] And now Rxe4! would win.} Qg6 ({Don't take} 31... h5 32. Rxe4 Qf5 33. Rxe8 Rxe8 34. Nh2 $16) 32. Qd4 (32. a5 $15) 32... Bxg4 $17 33. hxg4 h5 34. gxh5 Qxh5+ 35. Kg1 e3 {[%emt 0:00:08] Threatens to win with ...Rh8.} 36. Qd3+ (36. Qd1 $17 {is a better defense.} Qh4 37. Re2) 36... Kg7 $19 {[%emt 0:00:02] aiming for ...Rh8.} 37. Qd4+ Kg6 ({Black should try} 37... Kg8 $17 {...Re6 would be deadly.} 38. Qd5 Qh4) 38. Qd3+ $11 Kg7 {[%emt 0:00:01] White must now prevent ...Rh8. Some like it hot} 39. Qe2 $2 (39. Qd4+ $11 Kg6 40. Qd3+ Kg7) 39... Qh6 {[%emt 0:00:03] ( -> ...Rh8)} 40. Qg4 Rh8 41. Kf1 Qg6 42. Kg1 {[%emt 0:00:06] Prevents Rh1+} Qh7 43. Kf1 Qc2 44. Kg1 Qf2# {[%emt 0:00:02] Artfully played by Keymer.   Weighted Error Value: White=0.55/Black=0.52} 0-1

[Event "ChessKid Cup Div-III 2023"]
[Site "Online"]
[Date "2023.05.22"]
[Round "1.2"]
[White "Terry, Renato"]
[Black "Tari, Aryan"]
[Result "1/2-1/2"]
[ECO "A48"]
[WhiteElo "2520"]
[BlackElo "2642"]
[Annotator "TA"]
[PlyCount "172"]
[EventDate "2023.05.21"]
[EventType "k.o."]
[EventCountry "NET"]
[SourceTitle "playchess.com"]
[Source "ChessBase"]
[SourceQuality "1"]
[TimeControl "900+3"]

1. Nf3 Nf6 2. d4 g6 3. Bg5 Bg7 4. c3 h6 5. Bf4 d6 6. Nbd2 Nh5 7. Bg3 O-O 8. e4 c5 9. d5 e6 10. Nc4 Nxg3 11. hxg3 Re8 12. dxe6 Rxe6 13. Be2 Nc6 14. Nfd2 (14. Qd5 Ne7 15. Qd2 b5 $15) 14... d5 15. exd5 Qxd5 16. O-O Re7 17. Bf3 Qd3 18. Qa4 Bd7 19. Qa3 Qf5 (19... Be6 $11 20. Qxc5 Rc7) 20. Nd6 (20. Rad1 $16) 20... Qd3 $14 21. N2c4 Ne5 $1 22. Nxe5 (22. Qxc5 $2 {loses.} Nxf3+ 23. gxf3 Qxf3 $19) 22... Qxd6 23. Bxb7 Rb8 24. Nxd7 Qxd7 25. Bf3 (25. Qxa7 $2 {is the wrong capture.} Qxb7 26. Qxc5 Re5 $19) 25... Qb5 26. Rab1 Rb6 27. Bd5 Rd7 28. c4 Qb4 29. Qe3 Rb8 30. a3 $1 Qb6 31. Rfe1 (31. b4 $16) 31... Bd4 32. Qxh6 Qf6 33. Re2 a5 34. a4 (34. Rbe1 $142 {Threatening mate with Re8+.} Rf8 35. g4 (35. Re8 Qxf2+ 36. Kh2 Bg7 $16)) 34... Rdd8 $16 35. b3 (35. g4 $16) 35... Re8 $1 $11 36. Rd2 (36. Rxe8+ {simplifies} Rxe8 37. Qf4 Qxf4 38. gxf4 Re2 39. Rd1) 36... Re7 (36... Qf5 $11 37. Rbd1 Rxb3) 37. Qf4 $14 Rbe8 38. Kf1 $2 (38. Qxf6 $14 {keeps the upper hand.} Bxf6 39. Rdd1) 38... Kg7 $2 (38... Qh8 $1 $19 39. Qh4 Qe5) 39. Qxf6+ $14 Bxf6 40. Rc2 Bd4 41. Bf3 (41. g4 $1 $16) 41... f5 42. g4 f4 (42... Rh8 $11 43. Kg1 fxg4 44. Bxg4 Re4) 43. Re2 $1 $16 Rxe2 44. Bxe2 g5 45. Rd1 Kf6 46. Bf3 Rh8 47. Kg1 Rb8 48. Rb1 Re8 49. Kf1 $1 Rh8 50. Ke2 Re8+ 51. Kf1 Rh8 52. Kg1 Re8 $1 53. Rd1 (53. Rc1 $11) 53... Rb8 $14 54. Rd3 Re8 55. Kf1 $1 Rh8 56. Bd5 (56. Be4 $1 $16) 56... Rh1+ $1 $11 57. Ke2 Rb1 58. Rh3 Rb2+ 59. Kd1 Bxf2 60. Kc1 Ra2 61. Rh5 Be3+ 62. Kb1 Rf2 63. Bf3 (63. Rh1 $1 $11) 63... Bd4 (63... Ke5 $1 $17 {[%cal Re5d4] Hoping for ...Kd4.} 64. Rxg5+ Kd4 65. Rd5+ Kc3) 64. Rh6+ Ke5 65. Rg6 (65. Rh8 $11 {keeps the balance.}) 65... Be3 $1 $17 66. Rxg5+ {[%emt 0:00:04] [#]} Kd4 $1 67. Rd5+ Kc3 68. g5 {[%emt 0:00:02] [#]} Kxb3 (68... Bd4 $1 $17 {Threatens to win with ...Rf1+.} 69. g6 Rb2+ 70. Kc1 Rxb3) 69. Rd3+ $11 Kxc4 70. g6 (70. Rd7 $1 $11 {remains equal.} Kc3 71. g6 Rf1+ 72. Ka2 Rf2+ 73. Kb1 Rf1+ 74. Ka2 Rf2+ 75. Kb1) 70... Rf1+ (70... Kxd3 $17 71. g7 Rf1+ 72. Ka2 Rf2+ 73. Kb1 Rf1+ 74. Ka2 Rf2+ 75. Kb1) 71. Kc2 (71. Rd1 $11 {was the only way to keep the balance.} Rxd1+ 72. Bxd1) 71... Rf2+ 72. Kb1 Rf1+ ({Black should play} 72... Kxd3 $17 73. g7 Rf1+ 74. Ka2 Rf2+ 75. Kb1 Rf1+ 76. Ka2 Rf2+ 77. Kb1) 73. Rd1 (73. Kc2 $5 Rf2+ 74. Kb1 $17) 73... Rxd1+ 74. Bxd1 Bd4 75. Kc2 Kd5 76. Bf3+ Ke5 $2 (76... Kc4 $11) 77. Kd3 $2 (77. g7 {mates} Ke6 78. g8=Q+ Kf6 79. Qf8+ Ke5 80. Kd3 Bf2 81. Qe7+ Kf5 82. Be4+ Kg4 83. Qg7+ Kh4 84. Bf3 c4+ 85. Kxc4 Bg3 86. Qh6#) 77... Kf6 $11 78. Be4 Bf2 79. Kc4 Be1 80. Kxc5 Kg7 81. Kd5 (81. Kd4 $5) 81... Bd2 82. Ke5 Be1 (82... f3 $14) 83. Kf5 Bb4 84. Kxf4 Bc3 85. Kf5 Bb4 86. Ke6 Bd2 1/2-1/2

[Event "ChessKid Cup Div-III 2023"]
[Site "Online"]
[Date "2023.05.22"]
[Round "1.2"]
[White "Raja Harshit"]
[Black "Vallejo Pons, Francisco"]
[Result "0-1"]
[ECO "B42"]
[WhiteElo "2515"]
[BlackElo "2712"]
[Annotator "TA"]
[PlyCount "82"]
[EventDate "2023.05.21"]
[EventType "k.o."]
[EventCountry "NET"]
[SourceTitle "playchess.com"]
[Source "ChessBase"]
[SourceQuality "1"]
[TimeControl "900+3"]

1. e4 c5 2. Nf3 e6 3. d4 cxd4 4. Nxd4 a6 5. Bd3 Bc5 6. Nb3 Be7 7. Qg4 Nf6 {[%emt 0:00:04] B42: Sicilian: Kan Variation: 5 Bd3.} 8. Qxg7 Rg8 9. Qh6 Nc6 {[%emt 0:00:00] White is better.} 10. Nc3 (10. O-O $16) 10... b5 11. Be3 ({Better is} 11. O-O $16) 11... Ne5 (11... Rg6 $1 $11 12. Qh3 e5) 12. O-O-O {[%emt 0:00:35] [#]} (12. Bd4 $14 d6 13. Bxe5 dxe5 14. O-O) 12... Bb7 $146 (12... b4 $11 13. Na4 Qc7) ({Predecessor:} 12... Qc7 13. Qh3 d6 14. Be2 Nc4 15. Bxc4 bxc4 16. Nd4 Rb8 17. f3 Qb7 18. b3 e5 {0-1 Stephan,J (2452)-Korze,D (2306) EU-ch MN/075 email 2004}) 13. Bd4 (13. f3 $14) 13... Qc7 (13... Nxd3+ $1 $11 14. cxd3 d6) 14. Kb1 $1 $36 {[%emt 0:03:26][%mdl 2048] White has some pressure.} Rxg2 15. Qh3 Rg6 16. Rhe1 Rc8 17. f4 Nxd3 18. Qxd3 b4 $1 19. Na4 {[%emt 0:00:07] Threatens to win with Nac5.} (19. f5 {feels hotter.} Rg2 20. e5 Nd5 21. Nxd5 Bxd5 22. f6) 19... Rg2 (19... Bxe4 $11 {keeps the balance.} 20. Rxe4 Nxe4 21. Qxe4 Qc6 22. Qxc6 Rxc6) 20. Bc5 $2 {[%emt 0:01:10] White does not recover from this.} (20. Nac5 $16 {stays on course.}) 20... d6 $1 $19 {[%emt 0:00:24][%mdl 64] [#] Deflection. Active counter play!} (20... Rxh2 21. e5 Be4 22. Rxe4 Nxe4 23. Qxe4 $11) (20... Qxf4 21. Bxe7 Kxe7 22. Nbc5 $14) 21. Bxd6 (21. e5 $2 dxc5 22. Qh3 (22. exf6 $2 c4 $19) 22... Ne4 $19) 21... Bxd6 (21... Qxc2+ 22. Qxc2 Rcxc2 23. Bxe7 Kxe7 24. e5 (24. Nbc5 $2 Bc6 $19)) 22. Qxd6 Qxd6 (22... Rxc2 23. Qd4 Bxe4 24. Rxe4 Nxe4 25. Qxe4 Rxh2 26. Rc1 $14 (26. Qxb4 $2 Qc2+ 27. Ka1 Qxd1+)) (22... Nxe4 23. Qxb4 Bd5 24. Ka1 Rxc2 25. Nb6 $14 (25. Rxe4 $2 Rc1+ {[%mdl 64] Back Rank} 26. Nxc1 Qxc1+ {[%mdl 64] Back Rank} 27. Rxc1 Rxc1#)) (22... Qxc2+ 23. Ka1 Re2 24. Rg1 $18 (24. Qxb4 Qxe4 25. Qxe4 Rxe4 $11)) 23. Rxd6 Bxe4 (23... Rgxc2 24. Nb6 Bxe4 25. Rxe4 Nxe4 26. Nxc8 Rxc8 27. Rd4 $15) 24. Nd4 (24. Nac5 {might work better.} Bxc2+ 25. Ka1) 24... Rcxc2 ({Not} 24... Bxc2+ 25. Nxc2 Rgxc2 26. Rd4 $17) (24... Rxh2 $2 25. Ka1 $19) 25. Nxc2 Bxc2+ 26. Kc1 Bxa4 27. Rxa6 Bd7 28. f5 Rxh2 29. Rb6 Rh4 ({Don't go for} 29... Nd5 $2 30. Rd6 Nf4 31. Rd2 $19) 30. Rd1 Ke7 31. Rb7 $2 (31. fxe6 Bxe6 32. Rb7+ Nd7 33. b3) 31... exf5 32. Kc2 h5 33. Kb3 Re4 34. Rxb4 h4 35. Rb7 h3 36. a4 Ke6 ({Weaker is} 36... Rxa4 37. Rbxd7+ Nxd7 38. Kxa4 $11) 37. a5 Ba4+ {[%emt 0:00:03][%mdl 64] [#] Skewer. Black mates.} 38. Kc3 Bxd1 39. a6 Ra4 40. a7 h2 41. b3 Rxa7 {[%emt 0:00:04] Weighted Error Value: White=0.79/Black=0.24 (precise)} 0-1

[Event "ChessKid Cup Div-III 2023"]
[Site "Online"]
[Date "2023.05.22"]
[Round "1.2"]
[White "Gadimbayli, Abdulla"]
[Black "Lazavik, Denis"]
[Result "1/2-1/2"]
[ECO "C67"]
[WhiteElo "2500"]
[BlackElo "2544"]
[Annotator "TA"]
[PlyCount "79"]
[EventDate "2023.05.21"]
[EventType "k.o."]
[EventCountry "NET"]
[SourceTitle "playchess.com"]
[Source "ChessBase"]
[SourceQuality "1"]
[TimeControl "900+3"]

1. e4 e5 2. Nf3 Nc6 3. Bb5 Nf6 4. O-O Nxe4 5. Re1 Nd6 6. Bf1 {[%emt 0:00:00] C67: Ruy Lopez: Berlin Defence: 4 0-0 Nxe4.} Be7 7. Nc3 {[%emt 0:00:02] is the new trend.} e4 {[%emt 0:00:15][%mdl 64] Deflection} 8. Nxe4 Nxe4 9. Rxe4 d5 10. Re1 O-O 11. d4 Bg4 12. c3 Bd6 13. h3 Bh5 {[%emt 0:00:02] [#]} 14. g3 $146 ({Predecessor:} 14. g4 Bg6 15. Ne5 Nxe5 16. dxe5 Bc5 17. Be3 Bxe3 18. Rxe3 c6 19. Qd4 Qb6 20. Qxb6 axb6 {½-½ Grandelius,N (2658)-Gumularz,S (2558) EU-ch 23rd Vrnjacka Banja 2023 (6)}) 14... Ne7 15. Bg2 c6 16. Qb3 Qc7 17. Ne5 f6 18. Nd3 Bf7 19. Nf4 Rfe8 20. Bd2 Ng6 (20... g5 $5 21. Ne6 Qc8 $15) 21. Nxg6 Bxg6 (21... Rxe1+ {simplifies} 22. Rxe1 Bxg6 23. Qa4 Qb6) 22. c4 dxc4 23. Qxc4+ Bf7 24. Qc3 Qd7 25. Qd3 Bc7 26. b4 Bd5 (26... Bb6 $5 27. Rxe8+ Rxe8 $15) 27. Bf1 Rxe1 28. Rxe1 ({Better is} 28. Bxe1 $15 Be6 29. Bc3) 28... Bxa2 $17 29. b5 Bd5 30. Bb4 Re8 {[%emt 0:00:16] Wards off Re7. Threatens to win with ...Rxe1.} 31. Ra1 ({White should try} 31. Rc1) 31... Bb6 (31... cxb5 $142 {Strongly threatening ...a6.} 32. Qxb5 Qxb5 33. Bxb5 Ra8) 32. Bc5 cxb5 (32... h6 {feels hotter.} 33. Rc1 Qe6 34. bxc6 Qxc6 35. Qg6 Be4) 33. Qxb5 Qxb5 34. Bxb5 Rd8 35. Rd1 Kf7 36. Bb4 $2 (36. Bxb6 $17 axb6 37. Kf1) 36... Bc6 (36... Be6 $19 37. Bc3 Bxh3) 37. Bc4+ {[%emt 0:00:03] [#]} Bd5 (37... Kg6 $1 $17 38. d5 Bd7) 38. Bb5 $1 $19 Bc6 $2 (38... Be6 $19 {is more deadly.} 39. Bc3 Bxh3) 39. Bc4+ $17 {[%emt 0:00:10] [#]} Bd5 $2 (39... Kg6 $1 $17 40. d5 Bd7) 40. Bb5 $1 {[%emt 0:00:01][%mdl 32768] Weighted Error Value: White=0.19 (very precise) /Black=0.25 (precise) . An unexpected result.} 1/2-1/2

[Event "ChessKid Cup Div-III 2023"]
[Site "Online"]
[Date "2023.05.22"]
[Round "1.3"]
[White "Chigaev, Maksim"]
[Black "Vaibhav, Suri"]
[Result "1-0"]
[ECO "B12"]
[WhiteElo "2628"]
[BlackElo "2595"]
[Annotator "TA"]
[PlyCount "93"]
[EventDate "2023.05.21"]
[EventType "k.o."]
[EventCountry "NET"]
[SourceTitle "playchess.com"]
[Source "ChessBase"]
[SourceQuality "1"]
[TimeControl "900+3"]

1. e4 c6 2. d4 d5 3. e5 c5 4. Nf3 cxd4 5. Qxd4 Nc6 6. Qf4 {[%emt 0:00:03] B12: Caro-Kann: Advance Variation.} e6 7. Bd3 Bc5 $5 {[%emt 0:00:06][%mdl 4] [#] Exploring less charted territory.} (7... Nb4 $11) 8. Nc3 $146 {[%emt 0:00:10] White is slightly better.} (8. Qg3 $5 Nge7 9. Nc3 $14) ({Predecessor:} 8. Qg3 Nge7 9. Nc3 Ng6 10. h4 Nd4 11. h5 Ne7 12. Nxd4 Bxd4 13. Nb5 Bc5 14. Qxg7 {1-0 Bachmann,A (2588)-Samunenkov,I (2428) Titled Tuesday intern op 17th May Early blitz 2022 (5)}) 8... a6 9. Qg3 (9. Ng5 f5 $15) 9... Nge7 (9... g6 $14) 10. h4 ({Better is} 10. Qxg7 $16 Rg8 11. Qxh7) 10... Nb4 (10... Bd7 $14) 11. h5 (11. Qxg7 $16 Nxd3+ 12. cxd3) 11... Nxd3+ $11 12. cxd3 Nf5 13. Qg4 h6 14. O-O Bd7 15. d4 Bb6 16. Be3 O-O 17. Rac1 Rc8 18. Qf4 Qe7 19. g4 Nxe3 ({Black should try} 19... Nh4 $17 20. Ne1 Bb5 21. Nxb5 Rxc1 22. Bxc1 axb5) 20. Qxe3 Rc4 {[%emt 0:00:42] Strongly threatening ...f5.} 21. b3 Rc6 22. Na4 {[%emt 0:00:50] [#] Rxc6 is the strong threat.} Ba7 23. Nc5 Rc7 24. Rc3 Bb5 25. Rfc1 b6 26. Ne4 Rxc3 27. Nxc3 Bd7 28. Ne2 Rc8 (28... Bb8 $11) 29. Kg2 Bb8 30. Ng3 Rxc1 31. Qxc1 Qd8 32. g5 hxg5 (32... Kh7 $1 $11) 33. h6 $1 $14 {[%emt 0:00:04] aiming for hxg7.} gxh6 (33... g4 $16 34. Nh2 f5) 34. Nh5 $18 Bb5 35. Qc2 {[%emt 0:00:33] Dodges Bd3} (35. Nf6+ $18 Kf8 36. Qc2) 35... Kf8 $2 (35... f5 $1 $15 {stays ahead.} 36. exf6 Be8) 36. a4 (36. Qh7 $6 Ke7 $16) 36... g4 {[%emt 0:00:06] [#]} 37. Nh2 {[%emt 0:00:20][%mdl 1024] White has strong compensation.} Bd7 (37... Be8 {was necessary.}) 38. Nf6 (38. Nxg4 Ke7 39. Qd2 Qh8 40. Qb4+ (40. Nxh6 Be8 $18) 40... Kd8 41. Qxb6+ Bc7 42. Qxa6 Bc8 $18) (38. Qh7 Qg5 39. Qh8+ Ke7 $18) 38... Ke7 39. Qc1 {[%emt 0:00:26] White wants to mate with Qa3+.} Qh8 40. a5 {[%emt 0:00:19][%mdl 64] Deflection} bxa5 (40... g3 $2 41. fxg3 bxa5 42. Nhg4 $18) 41. Qc5+ (41. Nhxg4 Bb5 $11) 41... Kd8 42. Nxd7 (42. Nhxg4 Bb5 43. Ne3 (43. Qb6+ $2 Kc8 $19) 43... h5 $17) 42... Kxd7 43. Nxg4 {[%emt 0:00:03] Black must now prevent Nf6+. White is much more active.} (43. Qxa5 f5 44. Qa4+ Kc7 45. Qxa6 Qc8 46. Qa5+ (46. Qd6+ Kb7 $17) 46... Kb7 47. Qb4+ Ka8 $17) 43... Qg7 (43... Qg8 $16 44. Kf3 Qc8 45. Nf6+ (45. Qxa5 Qc6 $11) 45... Kd8 46. Qxa5+ (46. Qf8+ Kc7 $14) 46... Qc7 47. Qxa6 (47. Qa4 Qc3+ 48. Kg2 Kc7 $11) 47... Qc2) 44. Kf3 {[%emt 0:00:04] Threatening mate with Nf6+.} Qg6 45. Nf6+ (45. Qxa5 $2 {too greedy.} Qf5+ 46. Kg3 h5 47. Qa4+ Kd8 $19) 45... Kd8 46. Ke2 {[%emt 0:00:51] Intending Qc6 and mate.} ({Inferior is} 46. Qxa5+ Bc7 47. Qa3 (47. Qxa6 Qf5+ 48. Kg2 Qg5+ 49. Kf3 Qf5+ 50. Ke3 Bxe5 $11) 47... Qd3+ 48. Kg2 Kc8 $11) 46... Ba7 47. Qc6 {[%emt 0:00:23] Weighted Error Value: White=0.28 (precise) /Black=0.50} 1-0